 Dungeon Crawl Stone Soup version 0.28.0 (webtiles) character file.

Game seed: 6054309193721789191

37 RascalDebosk the Grave Robber (level 3, 0/25 HPs)
             Began as a Demonspawn Necromancer on Feb 11, 2022.
             Slain by a goblin (3 damage)
             ... led by Robin
             ... on level 1 of the Dungeon.
             The game lasted 00:20:32 (2744 turns).

RascalDebosk the Grave Robber (DsNe)                Turns: 2744, Time: 00:20:33

Health: 0/25       AC:  2    Str:  8    XL:     3   Next: 23%
Magic:  4/6        EV: 12    Int: 18    God:
Gold:   64         SH:  0    Dex: 13    Spells: 5/6 levels left

rFire   . . .      SeeInvis .   b - +0 dagger
rCold   . . .      Faith    .   (no shield)
rNeg    . . .      Spirit   .   a - +0 robe
rPois   .          Reflect  .   (no helmet)
rElec   .          Harm     .   (no cloak)
rCorr   .          Rampage  .   (no gloves)
Will    .....                   (no boots)
Stlth   ++........              (no amulet)
HPRegen 0.08/turn               (no ring)
MPRegen 0.10/turn               (no ring)

@: no status effects
A: foul stench 1
a: no special abilities


You were on level 1 of the Dungeon.
You visited 1 branch of the dungeon, and saw 2 of its levels.

You collected 64 gold pieces.

Inventory:

Hand Weapons
 b - a +0 dagger (weapon)
Armour
 a - a +0 robe (worn)


   Skills:
 + Level 0.6 Fighting
 + Level 0.4 Short Blades
 + Level 0.5 Staves
 + Level 0.8 Armour
 + Level 1.9 Dodging
 + Level 1.9 Stealth
 * Level 2.1 Spellcasting
 * Level 4.7 Necromancy
 + Level 0.8 Invocations


You had 5 spell levels left.
You knew the following spells:

 Your Spells              Type           Power      Damage    Failure   Level
a - Pain                  Necr           72%        1d7       2%          1

Your spell library contained the following spells:

 Spells                   Type           Power      Damage    Failure   Level
 Animate Skeleton         Necr           36%        N/A       2%          1
 Vampiric Draining        Necr           18%        2d7       8%          3
 Animate Dead             Necr           9%         N/A       26%         4
 Agony                    Necr           18%        N/A       58%         5


Dungeon Overview and Level Annotations

Branches:
Dungeon (2/15)

Altars:

Annotations:
D:2 Robin


Innate Abilities, Weirdness & Mutations

You may rarely emit foul miasma when damaged in melee.


Message History

a +0 dagger; a goblin corpse
There is a stone staircase leading down here.
Things that are here:
a +0 club; a goblin corpse
There is a stone staircase leading down here.
You start resting.
Magic restored.
You start resting.
HP restored.
You climb downwards.
Level annotation: Robin The goblin hits you with a +0 dagger.
The goblin barely misses you. x3
The goblin hits you but does no damage. Robin throws the goblin at you!
The goblin barely misses you. x2
There is a stone staircase leading up, spattered with blood here.
The goblin hits you with a +0 club. The goblin hits you with a +0 dagger.
The goblin barely misses you. The goblin closely misses you.
The goblin barely misses you. The goblin hits you with a +0 club.
You climb upwards.
There is a stone staircase leading down here.
Aiming: Pain (safe; 2% risk of failure)
Press: ? - help, Q - select action Shift-Dir - straight line, f - goblin
Aim: a goblin, wielding a +0 club (chance to affect: 88%)
The goblin writhes in agony.
The goblin hits you with a +0 club. The goblin barely misses you.
The goblin hits you with a +0 club.
Aiming: Pain (safe; 2% risk of failure)
Press: ? - help, Q - select action Shift-Dir - straight line, f/p - goblin
Aim: a goblin, wielding a +0 club (severely wounded, chance to affect: 88%)
The goblin writhes in agony.
You kill the goblin!
The goblin barely misses you.
The goblin unwields a +0 club.
The goblin wields a +0 hunting sling.
The goblin shoots a stone.
The stone hits you.
* * * LOW HITPOINT WARNING * * *
You closely miss the goblin. The goblin barely misses you.
The goblin hits you with a +0 dagger.
* * * LOW HITPOINT WARNING * * *
The goblin hits you with a +0 club.
You die...

#.####......###... #.#######.#.#
#.## #.#.......#.# #.#
#.#...#####.# #.# #.#...#.....#
#.# #.#...#.#######.## ######
#g#...#.# #..... ###....#
#g##....#####.#.## .......#
#@g............... .#..#..#
#g##.##.#####.####
..#....#########g##.##.#.....# #.
#..#................##.#.#######.
.#..#............#####.#...#....†
..#..............# #.###.##.##.
#..#.............# #......#.##.
.#..#.####################....##.
[.#...# #...........###.#####


You could see 5 goblins.

Vanquished Creatures
  2 endoplasms (D:1)
  A giant cockroach (D:1)
  7 goblins (D:1)
  3 hobgoblins (D:1)
  7 jackals (D:1)
  A quokka (D:1)
  6 ball pythons (D:1)
  2 bats (D:1)
  A frilled lizard (D:1)
  A kobold (D:1)
  2 rats (D:1)
33 creatures vanquished.

Vanquished Creatures (others)
  10 plants (D:1)
10 creatures vanquished.

Grand Total: 43 creatures vanquished

Notes
Turn   | Place    | Note
-------+----------+-------------------------------------------
     0 | D:1      | RascalDebosk the Demonspawn Necromancer began the quest for
                  | the Orb.
     0 | D:1      | Reached XP level 1. HP: 13/13 MP: 3/3
   992 | D:1      | Gained mutation: You may rarely emit foul miasma when
                  | damaged in melee. [demonic ancestry]
   992 | D:1      | Reached XP level 2. HP: 6/19 MP: 0/5
  2192 | D:1      | Found a faded altar of an unknown god.
  2307 | D:1      | Reached XP level 3. HP: 21/25 MP: 1/6
  2620 | D:2      | Noticed Robin
  2744 | D:1      | Slain by a goblin

Illustrated notes

Levels and vault maps discovered:
D:1:      roderic_crop_circles_arrival_small, layout_basic,
          ebering_ecumenical_altar_sacrificial, minmay_misc_feat_diagonals
D:2:      layout_loops_corners, minmay_shallow_snake_nest, uniq_robin

Action                   || total
-------------------------++-------
Melee: Unarmed           ||     4
       Dagger            ||    35
       Punch             ||     2
 Cast: Pain              ||    49
 Stab: Sleeping          ||     2
Armor: Robe              ||    18
Dodge: Dodged            ||    76
